 Dungeon Crawl Stone Soup version 0.30-a0-585-g93115170b9 (webtiles) character file.

Game seed: 15064345459239469162

13507 HoaS the Grappler (level 11, -8/111 HPs)
             Began as a Troll Gladiator on Jan 2, 2023.
             Was a High Priest of Wu Jian.
             Mangled by a warg (12 damage)
             ... led by an orc warlord
             ... on level 2 of the Orcish Mines.
             The game lasted 00:31:41 (9429 turns).

HoaS the Grappler (Troll Gladiator)                 Turns: 9429, Time: 00:31:42

Health: -8/111     AC:  9    Str: 26    XL:     11   Next: 76%
Magic:  10/10      EV: 15    Int:  4    God:    Wu Jian [*****.]
Gold:   774        SH:  0    Dex: 21    Spells: 10/10 levels left

rFire   + . .      SeeInvis .      - Unarmed
rCold   + . .      Faith    .    (no shield)
rNeg    + . .      Spirit   .    b - +0 troll leather armour
rPois   .          Reflect  .    e - +1 hat of the Hammering Gods {rC+ rN+ Dex+2}
rElec   .          Harm     .    f - +1 cloak
rCorr   .          Rampage  .    (gloves unavailable)
Will    .....                    (boots unavailable)
Stlth   ++                       (no amulet)
HPRegen 1.98/turn                g - ring of protection from fire
MPRegen 0.12/turn                v - +6 ring of dexterity

@: spiked
A: large, unfitting armour, claws 3, regeneration 1, shaggy fur 1, tough skin 1
a: Renounce Religion, Wall Jump, Serpent's Lash, Heavenly Storm


You were on level 2 of the Orcish Mines.
You worshipped Wu Jian.
Wu Jian was extremely pleased with you.
You visited 2 branches of the dungeon, and saw 12 of its levels.

You collected 774 gold pieces.

Inventory:

Missiles
 c - 5 throwing nets
 d - 13 large rocks
 j - 2 boomerangs of dispersal
 k - 13 boomerangs
 l - 39 poisoned darts
 n - 3 silver boomerangs (quivered)
 u - a curare-tipped dart
Armour
 b - a +0 troll leather armour (worn)
 e - the +1 hat of the Hammering Gods (worn) {rC+ rN+ Dex+2}
   (You acquired it on level 9 of the Dungeon)

   Dex:       It affects your dexterity (+2).
   rC:        It protects you from cold.
   rN:        It protects you from negative energy.
 f - a +1 cloak (worn)
Jewellery
 g - a ring of protection from fire (left claw)
 v - a +6 ring of dexterity (right claw)
Wands
 m - a wand of polymorph (14)
 o - a wand of mindburst (21)
 r - a wand of digging (4)
 B - a wand of flame (13)
 E - a wand of iceblast (5)
 F - a wand of acid (1)
 G - a wand of charming (1)
Scrolls
 i - 5 scrolls of teleportation
 p - a scroll of identify
 y - a scroll of fear
 z - a scroll of blinking
 A - a scroll of summoning
Potions
 a - a potion of flight
 h - 7 potions of curing
 q - 2 potions of lignification
 s - a potion of resistance
 t - 2 potions of attraction
 w - 2 potions of mutation
 x - 2 potions of ambrosia
 C - a potion of cancellation


   Skills:
 + Level 8.1 Fighting
 - Level 6.0 Throwing
 + Level 8.1 Dodging
 + Level 12.8 Unarmed Combat


You had 10 spell levels left.
You didn't know any spells.
Your spell library contained the following spells:

 Spells                   Type           Power      Damage    Failure   Level
 Necrotise                Necr           0%         1d4       54%         1
 Shock                    Conj/Air       0%         1d3       54%         1
 Gell's Gravitas          Tloc           0%         N/A       89%         3
 Lesser Beckoning         Tloc           0%         N/A       89%         3
 Ozocubu's Armour         Ice            0%         N/A       89%         3
 Swiftness                Air            0%         N/A       89%         3
 Teleport Other           Tloc           0%         N/A       89%         3
 Tukima's Dance           Hex            0%         N/A       89%         3
 Vampiric Draining        Necr           0%         2d6       89%         3
 Airstrike                Air            0%         2d(0-16)  100%        4
 Anguish                  Hex/Necr       0%         N/A       100%        4
 Passage of Golubria      Tloc           0%         N/A       100%        4
 Agony                    Necr           0%         N/A       100%        5
 Metabolic Englaciation   Hex/Ice        0%         N/A       100%        5
 Yara's Violent Unravell  Hex/Tmut       0%         3d3       100%        5
 Simulacrum               Ice/Necr       0%         N/A       100%        6
 Enfeeble                 Hex            0%         N/A       100%        7


Dungeon Overview and Level Annotations

Branches:
Dungeon (10/15)            Temple (0/1) D:5            Lair (0/5) D:10
    Orc (1/2) D:10

Altars:
Ashenzari
Dithmenos
Elyvilon
Fedhas
Gozag
Hepliaklqana
Nemelex Xobeh
Okawaru
Qazlal
Wu Jian
Yredelemnul
The Shining One

Shops:
D:10 (


Innate Abilities, Weirdness & Mutations

You are too large for most types of armour.
You have claws for hands.
Your natural rate of healing is unusually fast.
You are covered in fur. (AC +1)
You have tough skin. (AC +1)


Message History

The orc sorcerer gestures wildly while chanting.
The orc warrior shouts!
You spin and attack the orc warrior.
You scratch the orc warrior.
The orc warrior is lightly wounded.
You hear a shout!
The orc sorcerer hits you with a +0 dagger.
The orc warrior closely misses you.
An orc warrior comes into view. It is wielding a +0 halberd.
An orc warlord comes into view. It is wielding a +0 battleaxe.
The red devil hits you from afar with a +0 trident.
Barbed spikes become lodged in your body.
The ice devil hits you but does no damage.
You scratch the orc sorcerer but do no damage.
The sixfirhy barely misses you. The warg bites you!
The sixfirhy barely misses you. The warg bites you!
The orc warlord roars a battlecry!
The orcs go into a battle-frenzy!
The orc warrior closely misses you. The orc sorcerer closely misses you.
You claw the orc sorcerer!
The orc sorcerer is heavily wounded.
The sixfirhy closely misses you. x2; The warg bites you!
The sixfirhy misses you.
The ice devil hits you but does no damage.
The red devil misses you. The warg misses you.
The orc warrior hits you with a +0 scimitar!
The orc warrior misses you. The orc sorcerer misses you.
You completely miss the orc sorcerer.
The orc sorcerer is heavily wounded.
The sixfirhy hits you but does no damage.
The warg barely misses you. The warg bites you!
* * * LOW HITPOINT WARNING * * *
The red devil barely misses you. The ice devil closely misses you.
You closely miss the orc sorcerer.
The orc sorcerer is heavily wounded.
The warg bites you.
* * * LOW HITPOINT WARNING * * *
The orc warrior hits you with a +0 scimitar!
* * * LOW HITPOINT WARNING * * *
The orc sorcerer misses you. The warg bites you!
You die...

........#.......#
.......###......#
........#..........
...##...#..........
..# ##.............
#.......o#.....
###......o.##....
###.....3oh..# #...
##.#)....h@.### ..
#...#...44o.##
#...#)......o#
##..........#.#
##.#......$...#
#####....$.$....
#...........
###.........
#..$......


You could see an orc warlord, an ice devil (summoned), a sixfirhy (summoned), 2
wargs, an orc sorcerer (strong), a red devil (summoned) and 3 orc warriors.

Vanquished Creatures
  A tengu warrior (D:9)
  Pikel (D:5)
  2 cyclopes
  2 manticores (D:7)
  Joseph (D:9)
  An unseen horror (D:9)
  A hornet (D:7)
  2 trolls (D:10)
  The ghost of initializr the Artisan of Death, an amateur HONe of Kikubaaqudgha (D:5)
  Sigmund (D:2)
  A culicivora (shapeshifter) (D:9)
  A slime creature (D:9)
  A shadow (D:7)
  A wraith (D:7)
  A wyvern (D:9)
  A vampire (D:10)
  15 yaks
  2 basilisks
  2 vampire mosquitoes (D:7)
  2 steam dragons (D:7)
  Menkaure (D:6)
  A water moccasin (D:7)
  2 sky beasts
  11 orc warriors
  2 black bears (D:7)
  An ice beast (D:5)
  4 ogres
  4 centaurs
  3 wolves (D:10)
  A lemure (D:5)
  5 kobold brigands
  7 bullfrogs
  2 necrophages
  A gnoll sergeant (D:9)
  A scorpion (D:6)
  9 wights (D:8)
  2 killer bees (D:9)
  3 electric eels (D:10)
  3 howler monkeys
  A jelly (D:5)
  10 hounds
  6 orc priests
  A gnoll bouda (D:7)
  An iguana (D:5)
  12 orc wizards
  7 adders
  8 gnolls
  A shadow imp (D:7)
  3 white imps
  2 worms
  7 dart slugs
  48 orcs
  10 ball pythons
  12 endoplasms
  5 giant cockroaches
  4 goblins
  6 hobgoblins
  11 jackals
  29 kobolds
  6 quokkas
  10 bats
  2 frilled lizards
  24 rats
329 creatures vanquished.

Vanquished Creatures (others)
  A kobold (D:7)
1 creature vanquished.

Grand Total: 330 creatures vanquished

Notes
Turn   | Place    | Note
-------+----------+-------------------------------------------
     0 | D:1      | HoaS the Troll Gladiator began the quest for the Orb.
     0 | D:1      | Reached XP level 1. HP: 19/19 MP: 0/0
   145 | D:1      | Reached XP level 2. HP: 28/28 MP: 1/1
   552 | D:1      | Reached XP level 3. HP: 35/35 MP: 2/2
   905 | D:1      | Reached skill level 4 in Unarmed Combat
  1137 | D:2      | Noticed Sigmund
  1717 | D:3      | Reached XP level 4. HP: 42/42 MP: 3/3
  1923 | D:3      | Reached skill level 5 in Unarmed Combat
  1923 | D:3      | Reached XP level 5. HP: 29/50 MP: 4/4
  2700 | D:2      | Killed Sigmund
  2701 | D:2      | Reached skill level 6 in Unarmed Combat
  2701 | D:2      | Reached XP level 6. HP: 35/59 MP: 5/5
  2871 | D:4      | Reached skill level 7 in Unarmed Combat
  3037 | D:4      | Found a blossoming altar of Fedhas.
  3039 | D:4      | Found a sparkling altar of Nemelex Xobeh.
  3162 | D:4      | Found a basalt altar of Yredelemnul.
  3163 | D:4      | Found a white marble altar of Elyvilon.
  3169 | D:4      | Found a hazy altar of Hepliaklqana.
  3172 | D:4      | Found an ornate altar of the Wu Jian Council.
  3172 | D:4      | Found a shadowy altar of Dithmenos.
  3173 | D:4      | Found an iron altar of Okawaru.
  3178 | D:4      | Found a broken altar of Ashenzari.
  3186 | D:4      | Became a worshipper of the Wu Jian Council
  3264 | D:4      | Found a stormy altar of Qazlal.
  3596 | D:5      | Entered Level 5 of the Dungeon
  3602 | D:5      | Reached XP level 7. HP: 66/66 MP: 6/6
  3686 | D:5      | Reached skill level 8 in Unarmed Combat
  3702 | D:5      | Found a runed translucent door.
  3703 | D:5      | Noticed initializr's ghost (amateur HONe)
  3806 | D:5      | Noticed Pikel
  3828 | D:5      | Killed Pikel
  3829 | D:5      | Reached skill level 9 in Unarmed Combat
  3829 | D:5      | Reached XP level 8. HP: 40/75 MP: 7/7
  3875 | D:5      | Found a staircase to the Ecumenical Temple.
  3966 | D:5      | Found a runed translucent door.
  4016 | D:5      | Identified the +1 leather armour of Fanen {MP+9 Str-3 Dex+4
                  | Slay+2}
  4263 | D:6      | Found a glowing golden altar of the Shining One.
  4353 | D:6      | Reached * piety under Wu Jian
  4470 | D:6      | Noticed Menkaure
  4486 | D:6      | Killed Menkaure
  5072 | D:7      | Reached skill level 10 in Unarmed Combat
  5072 | D:7      | Reached XP level 9. HP: 80/84 MP: 8/8
  5078 | D:7      | Noticed a manticore
  5090 | D:7      | Killed a manticore
  5135 | D:7      | Noticed a manticore
  5428 | D:7      | Reached skill level 5 in Throwing
  5451 | D:7      | Reached ** piety under Wu Jian
  5459 | D:7      | Reached skill level 5 in Fighting
  5459 | D:7      | Reached skill level 5 in Dodging
  5591 | D:7      | Reached XP level 10. HP: 94/96 MP: 9/9
  5593 | D:7      | Noticed a cyclops
  5599 | D:7      | Killed a cyclops
  5600 | D:7      | Reached skill level 11 in Unarmed Combat
  5837 | D:7      | Killed a manticore
  5939 | D:7      | Identified the +10 sling of Juarchod {flame, rElec rF+}
  6505 | D:8      | Reached *** piety under Wu Jian
  7026 | D:5      | Killed initializr's ghost
  7143 | D:9      | Reached skill level 12 in Unarmed Combat
  7148 | D:9      | Noticed Joseph
  7192 | D:9      | Killed Joseph
  7193 | D:9      | Reached XP level 11. HP: 60/109 MP: 10/10
  7600 | D:9      | Reached **** piety under Wu Jian
  8398 | D:9      | Noticed a tengu warrior
  8416 | D:9      | Killed a tengu warrior
  8509 | D:9      | Identified a scroll of acquirement
  8509 | D:9      | Acquired the +1 hat of the Hammering Gods {rC+ rN+ Dex+2}
  8580 | D:10     | Entered Level 10 of the Dungeon
  8580 | D:10     | Found a staircase to the Orcish Mines.
  8637 | D:10     | Found Tynen's Weapon Emporium.
  8819 | D:10     | Found a staircase to the Lair.
  8882 | D:10     | Found an opulent altar of Gozag.
  8986 | D:10     | Identified the ring of Zuillay {*Slow Fly rElec rF+ Stlth+}
  9261 | Orc:1    | Entered Level 1 of the Orcish Mines
  9303 | Orc:1    | You fall into a shaft and drop 1 floor!
  9303 | Orc:2    | Entered Level 2 of the Orcish Mines
  9347 | Orc:2    | Reached ***** piety under Wu Jian
  9415 | Orc:2    | Noticed an orc sorcerer
  9417 | Orc:2    | Noticed a sixfirhy
  9425 | Orc:2    | Noticed an orc warlord
  9429 | Orc:2    | HP: 4/111 [orc warrior/+0 scimitar[an orc warlord] (10)]
  9429 | Orc:2    | Mangled by a warg

Illustrated notes

Levels and vault maps discovered:
D:1:      dpeg_arrival_arbitrary_c, layout_basic, serial_glass, glass_columns_b,
          glass_columns_b, minmay_tromino_i4
D:2:      layout_basic, uniq_sigmund
D:3:      kennysheep_six_static_rooms, layout_basic, minmay_rat_hole
D:4:      layout_rooms, minitemple, mainiacjoe_overflow_alcove_2,
          nicolae_overflow_hidden_temple
D:5:      layout_rooms, minmay_temple_entry_glass, ebering_ghost_sewer_f,
          uniq_pikel
D:6:      layout_gridville, mainiacjoe_overflow_surrounded_room, minivault_26,
          uniq_menkaure
D:7:      minmay_the_grid_octo_2x2 [minmay_the_grid_octo_clover,
          minmay_the_grid_octo_toaster, minmay_the_grid_octo_fan_narrow,
          minmay_the_grid_octo_prize_star], layout_basic
D:8:      layout_cave_pools
D:9:      nzn_winding_woodlands_three_and_one
          [nzn_winding_woodlands_5x15_crooked,
          nzn_winding_woodlands_5x15_zeroes, nzn_winding_woodlands_5x15_twine,
          nzn_winding_woodlands_center_lodge], layout_stronghold,
          chequers_serial_rivers_marsh, uniq_joseph
D:10:     layout_rooms, nicolae_gozag_cash_rules_everything_around_me,
          erik_lair_island, serial_shops, shop
Orc:1:    layout_caves, basic_altar
Orc:2:    st_orc_town, layout_diamond_mine

Skill      XL: |  1  2  3  4  5  6  7  8  9 10 11 |
---------------+----------------------------------+-----
Throwing       | 2 3 5 6 |  6.0
Fighting       | 2 3 5 7 8 |  8.1
Unarmed Combat | 4 5 6 7 9 10 12 | 12.8
Dodging        | 3 5 7 8 |  8.1

Action                   |  1- 3 |  4- 6 |  7- 9 | 10-12 || total
-------------------------+-------+-------+-------+-------++-------
Melee: Unarmed           |   120 |   171 |   210 |   376 ||   877
       Punch             |     2 |     4 |    18 |    32 ||    56
Throw: Throwing net      |       |       |       |     2 ||     2
Invok: Lunge             |       |       |    14 |    23 ||    37
       Whirlwind         |       |       |     1 |     9 ||    10
       Serpent's Lash    |       |       |       |     1 ||     1
 Abil: Wall Jump         |       |       |     1 |       ||     1
  Use: Scroll            |     5 |     4 |    13 |     6 ||    28
       Potion            |       |       |     2 |     3 ||     5
 Stab: Sleeping          |       |       |     2 |     3 ||     5
       Distracted        |       |       |       |     1 ||     1
Armor: Robe              |    54 |    50 |    51 |    63 ||   218
       Troll leather arm |       |       |       |    37 ||    37
Dodge: Dodged            |    71 |    54 |    82 |   194 ||   401

Table legend: (Time is in decaauts)
 A = Elapsed time spent in this place.
 B = Non-inter-level travel time spent in this place.
 C = Inter-level travel time spent in this place.
 D = Time resting spent in this place.
 E = Time spent auto-exploring this place.
 F = Levels seen in this place.
 G = Mean time per level.
                   A        B        C        D        E       F      G
               +--------+--------+--------+--------+--------+-----+--------+
         Total |   9287 |   8665 |    622 |   1451 |   4968 |  12 |  773.9 |
       Dungeon |   9132 |   8511 |    621 |   1444 |   4911 |  10 |  913.2 |
  Orcish Mines |    155 |    155 |      0 |      7 |     57 |   2 |   77.5 |
               +--------+--------+--------+--------+--------+-----+--------+

Top non-repeatable levels by time:
     D:7: 1395 daAuts
     D:9: 1355 daAuts
     D:1: 1043 daAuts
     D:3: 963 daAuts
     D:2: 823 daAuts
     D:5: 762 daAuts
     D:4: 742 daAuts
     D:6: 713 daAuts
     D:8: 677 daAuts
    D:10: 654 daAuts
   Orc:2: 114 daAuts
   Orc:1: 41 daAuts
